cohdb
Replays
Latest Replays
All Replays
Popular Replays
Top Player Replays
Match Explorer
How It Works
Community
CoH3 Stats
Reddit
Sign in to upload your games and track your stats! →
Sign in with Steam
Match 45206263
Unlisted
Match 45206263
Overview
Messages
Build Orders
End
Construct Section Command Post
Royal Engineer Section
Infantry Section
Selects Indian Artillery Battlegroup
Infantry Section
Infantry Section
Infantry Section
Construct Field Infirmary
Selects Valour
Infantry Section
Construct Platoon Command Post
Selects Gurkha Rifles Section
Selects Artillery Saturation
Construct Company Command Post
Gurkha Rifles Section
Infantry Training
Selects Volunteer Infantry
Selects Volunteer Infantry
Construct Company Command Post
Crusader II Medium Tank
Selects Off-map Airburst Barrage
Crusader II Medium Tank
ConcernedApe
marty_not_mcfly
Zergvoss
True Xavier
0
0
Comments
sign in to comment!
No comments posted yet!